 Dungeon Crawl Stone Soup version 0.23.2-33-g5129a83184 (webtiles) character file.

Game seed: 1616502978305195505

12777 H0rd4k the Basher (level 12, 0/91 HPs)
             Began as a Human Artificer on July 31, 2019.
             Was an Initiate of Gozag.
             Slain by a spiny frog (17 damage)
             ... on level 2 of the Lair of Beasts.
             The game lasted 00:25:08 (12776 turns).

H0rd4k the Basher (Human Artificer)                Turns: 12776, Time: 00:25:09

Health: 0/91       AC:  7    Str: 11    XL:     12   Next: 24%
Magic:  16/16      EV: 16    Int: 13    God:    Gozag
Gold:   2347       SH:  0    Dex: 14    Spells: 14/16 levels left

rFire    + . .     SeeInvis +   r - +12 whip "Wetiph" {slash, rElec rN+ Str-5}
rCold    . . .     Gourm    .   (no shield)
rNeg     + . .     Faith    .   w - +0 leather armour {rF+}
rPois    .         Spirit   .   N - +1 helmet
rElec    +         Reflect  .   (no cloak)
rCorr    .         Harm     .   p - +0 pair of gloves
MR       .....                  (no boots)
Stlth    ++++......             (no amulet)
HPRegen  0.25/turn              P - ring of wizardry
MPRegen  0.15/turn              m - ring of see invisible

@: lethally poisoned (0 -> -7)
A: no striking features
a: Potion Petition, Call Merchant, Bribe Branch, Renounce Religion


You were on level 2 of the Lair of Beasts.
You worshipped Gozag.
Gozag was most pleased with you.
You were not hungry.

You visited 2 branches of the dungeon, and saw 13 of its levels.
You also visited: Ossuary.

You collected 2387 gold pieces.
You paid 40 gold pieces to Gozag.

Inventory:

Hand Weapons
 i - the +8 scimitar of Toudgh {flame, rC+ rN++ Dex-5}
   (You found it on level 10 of the Dungeon)

   It has been specially enchanted to burn those struck by it, causing extra
   injury to most foes and up to half again as much damage against particularly
   susceptible opponents.
   Big, fiery blades are also staple armaments of hydra-hunters.
   It affects your dexterity (-5).
   It protects you from cold.
   It greatly protects you from negative energy.
 q - a +1 dagger of venom
 r - the +12 whip "Wetiph" (weapon) {slash, rElec rN+ Str-5}
   (You found it on level 5 of the Dungeon)

   It inflicts extra damage upon your enemies.
   It affects your strength (-5).
   It insulates you from electricity.
   It protects you from negative energy.
Missiles
 b - 6 javelins of returning
 u - 21 tomahawks (quivered)
Armour
 p - a +0 pair of gloves (worn)
 w - a +0 leather armour of fire resistance (worn)
 N - a +1 helmet (worn)
Jewellery
 m - a ring of see invisible (right hand)
 G - an uncursed ring of protection from cold
 L - an uncursed ring of fire
 O - an uncursed ring of magical power
 P - a ring of wizardry (left hand)
Wands
 c - a wand of flame (31)
 d - a wand of enslavement (14)
 e - a wand of random effects (33)
 v - a wand of paralysis (18)
Scrolls
 a - 2 scrolls of blinking
 g - 2 scrolls of noise
 j - a scroll of remove curse
 k - 2 scrolls of fog
 n - 6 scrolls of identify
 o - 4 scrolls of enchant weapon
 y - a scroll of amnesia
 A - 3 scrolls of magic mapping
 B - a scroll of immolation
 D - 3 scrolls of teleportation
 H - a scroll of holy word {unknown}
Potions
 h - 6 potions of curing
 l - 2 potions of haste
 s - 2 potions of brilliance
 t - a potion of degeneration
 x - a potion of berserk rage
 z - a potion of invisibility {unknown}
 C - 3 potions of magic
 E - 3 potions of flight
 F - 3 potions of lignification
 I - a potion of mutation {unknown}
 J - 2 potions of cancellation {unknown}
 K - a potion of heal wounds {unknown}
 M - a potion of resistance {unknown}
Comestibles
 f - 14 rations


   Skills:
 - Level 7.1 Fighting
 - Level 5.1 Short Blades
 - Level 9.9 Maces & Flails
 - Level 5.8 Armour
 + Level 8.4 Dodging
 + Level 8.6 Stealth
 * Level 2.8 Spellcasting
 + Level 3.9 Evocations


You had 14 spell levels left.
You knew the following spells:

 Your Spells              Type           Power        Failure   Level  Hunger
a - Blink                 Tloc           N/A          17%         2    ###....

Your spell library contained the following spells:

 Spells                   Type           Power        Failure   Level  Hunger
 Animate Skeleton         Necr           N/A          12%         1    #......
 Magic Dart               Conj           #...         12%         1    #......
 Pain                     Necr           #...         12%         1    #......
 Call Imp                 Summ           #.......     17%         2    ###....
 Slow                     Hex            #.......     17%         2    ###....
 Conjure Flame            Conj/Fire      #.......     32%         3    ###....
 Mephitic Cloud           Conj/Pois/Air  #.......     32%         3    ###....
 Regeneration             Chrm/Necr      #.........   32%         3    ###....
 Vampiric Draining        Necr           #.........   32%         3    ###....
 Animate Dead             Necr           N/A          71%         4    #####..


Dungeon Overview and Level Annotations

Branches:
Dungeon (11/15)            Temple (0/1) D:6            Lair (2/6) D:10
    Orc (0/2) D:9
  Swamp: Lair:2-4    Shoals: Lair:2-4     Snake: Lair:2-4    Spider: Lair:2-4

Altars:
Cheibriados
Fedhas
Gozag
Makhleb
Vehumet
Wu Jian
Xom
Yredelemnul
Zin
The Shining One

Annotations:
D:3 exclusions: bullfrog and downstairs
D:4 Eustachio
D:5 exclusion: downstairs
D:10 exclusion: downstairs


Message History

The spiny frog is heavily wounded.
The yak gores the plant!
The spiny frog stings you!
You are poisoned.
The spiny frog poisons you!
You barely miss the spiny frog.
The spiny frog is heavily wounded.
You feel sick.
The yak gores the plant!
You hit the spiny frog.
The spiny frog is heavily wounded.
You feel sick. The spiny frog stings you!!
* * * LOW HITPOINT WARNING * * *
You hit the spiny frog.
The spiny frog is severely wounded.
You feel sick. The spiny frog barely misses you.
The yak completely misses the plant.
You whack the spiny frog!
The spiny frog is almost dead.
You feel sick. The spiny frog stings you!
You die...
Your body crumbles into a pile of gold.

## ######### .###
#P##.#P.######..#
...............Y#
.......#####≈.PY# #
........Y≈≈≈≈≈#F##.##
.......P#≈≈≈≈≈#.@...# #.
.......P#≈≈≈≈≈≈......# #..
.......##≈≈≈≈≈≈......# #.#
........≈≈≈≈≈≈.......# ##.#
.......#≈≈≈≈≈≈#.P#.#.# #..#
........≈≈≈≈≈≈#.####..# #P..
........#.≈##≈#.# ..## #..
................ #.#.#### ###..
...............♣♣♣♣♣......###....


You could see 2 yaks and a spiny frog.

Vanquished Creatures
  Fannar (D:10)
  A centaur warrior (D:10)
  Maurice (D:9)
  A black mamba (Lair:2)
  5 spiny frogs
  A komodo dragon (Lair:2)
  2 trolls
  4 hippogriffs
  Sigmund (D:3)
  A wyvern (D:10)
  11 yaks
  A hungry ghost (D:9)
  3 porcupines (Lair:1)
  A sky beast (D:9)
  3 water moccasins
  3 black bears
  4 ice beasts
  5 orc warriors
  7 ogres
  A necrophage (D:6)
  A phantom (D:5)
  A crocodile (Lair:1)
  4 centaurs
  4 bullfrogs
  3 water moccasin zombies (Ossuary)
  4 scorpions
  4 killer bees (D:9)
  2 howler monkeys (D:10)
  3 crimson imps
  2 bullfrog zombies
  A centaur zombie (D:7)
  3 hounds
  A jelly (D:11)
  12 orc wizards
  8 orc priests
  4 centaur skeletons
  A gnoll shaman (D:7)
  Natasha (thrice) (D:4)
  4 iguanas
  10 worker ants
  A killer bee zombie (D:8)
  3 big kobold zombies (Ossuary)
  A hound skeleton (D:7)
  2 mummies (Ossuary)
  4 gnolls (D:7)
  9 adders
  2 oozes
  An adder skeleton (D:4)
  4 adder zombies
  7 worms
  2 dart slugs
  10 leopard geckos
  27 orcs
  8 giant cockroaches
  6 goblins
  8 hobgoblins
  10 jackals
  9 kobolds
  6 quokkas
  8 bats
  6 frilled lizards
  5 gnoll zombies (Ossuary)
  A goblin zombie (D:6)
  4 hobgoblin zombies (Ossuary)
  A jackal skeleton (D:6)
  2 jackal zombies
  2 kobold zombies (Ossuary)
  A leopard gecko skeleton (D:6)
  2 orc zombies (Ossuary)
  A quokka skeleton (D:4)
  9 rats
  A rat zombie (D:6)
295 creatures vanquished.

Vanquished Creatures (collateral kills)
  A frilled lizard (D:1)
1 creature vanquished.

Vanquished Creatures (others)
  A bat (D:1)
  A fungus (Lair:2)
  6 plants (Lair:2)
8 creatures vanquished.

Grand Total: 304 creatures vanquished

Notes
Turn   | Place    | Note
-------+----------+-------------------------------------------
     0 | D:1      | H0rd4k the Human Artificer began the quest for the Orb.
     0 | D:1      | Reached XP level 1. HP: 15/15 MP: 3/3
    28 | D:1      | Reached XP level 2. HP: 18/21 MP: 4/4
   450 | D:1      | Reached XP level 3. HP: 24/26 MP: 5/5
   876 | D:2      | Reached XP level 4. HP: 12/32 MP: 6/6
  2066 | D:2      | Reached skill level 1 in Armour
  2066 | D:2      | Reached XP level 5. HP: 38/38 MP: 7/7
  2159 | D:2      | Found a glowing golden altar of the Shining One.
  2625 | D:3      | Found a glowing silver altar of Zin.
  2810 | D:3      | Noticed a bullfrog
  2860 | D:3      | Found an opulent altar of Gozag.
  2868 | D:3      | Became a worshipper of Gozag Ym Sagoz the Greedy
  2930 | D:3      | Noticed Sigmund
  2936 | D:3      | Killed Sigmund
  2936 | D:3      | Reached XP level 6. HP: 42/45 MP: 8/8
  3427 | D:4      | Noticed a troll
  3614 | D:4      | Reached XP level 7. HP: 46/51 MP: 9/9
  3664 | D:4      | Noticed Natasha
  3672 | D:4      | Killed Natasha
  3846 | D:4      | Killed a troll
  3882 | D:4      | Noticed Natasha
  3904 | D:4      | Killed Natasha
  3933 | D:4      | Noticed Natasha
  3948 | D:4      | Killed Natasha
  3948 | D:4      | Reached XP level 8. HP: 22/57 MP: 10/10
  4067 | D:4      | Noticed Eustachio
  4492 | D:5      | Entered Level 5 of the Dungeon
  4531 | D:5      | Got an iridescent whip
  4532 | D:5      | Identified the +12 whip "Wetiph" {slash, rElec rN+ Str-5}
                  | (You found it on level 5 of the Dungeon)
  4755 | D:5      | Got a smoking great mace
  4756 | D:5      | Identified the cursed +0 great mace "Uboq" {drain, *Slow
                  | rElec MR+++ Dex-3} (You found it on level 5 of the Dungeon)
  4855 | D:5      | Reached skill level 5 in Short Blades
  4925 | D:5      | Reached skill level 1 in Maces & Flails
  5137 | D:6      | Reached skill level 5 in Stealth
  5214 | D:6      | Reached skill level 2 in Maces & Flails
  5214 | D:6      | Reached XP level 9. HP: 64/64 MP: 11/11
  5255 | D:6      | Found a sand-covered staircase.
  5271 | Ossuary  | Entered an ossuary
  5349 | Ossuary  | Reached skill level 3 in Maces & Flails
  5597 | D:6      | Reached skill level 5 in Dodging
  5678 | D:6      | Reached skill level 4 in Maces & Flails
  5729 | D:6      | Found a shimmering altar of Xom.
  5776 | D:6      | Found an ornate altar of the Wu Jian Council.
  5801 | D:6      | Found a staircase to the Ecumenical Temple.
  6076 | D:7      | Reached skill level 5 in Maces & Flails
  6478 | D:7      | Found a snail-covered altar of Cheibriados.
  6798 | D:7      | Reached skill level 6 in Maces & Flails
  6798 | D:7      | Reached XP level 10. HP: 73/73 MP: 12/12
  7439 | D:8      | Reached skill level 5 in Fighting
  7794 | D:7      | Reached skill level 7 in Maces & Flails
  7815 | D:7      | Reached skill level 5 in Armour
  8052 | D:9      | Found a blossoming altar of Fedhas.
  8112 | D:9      | Noticed Maurice
  8124 | D:9      | Found a radiant altar of Vehumet.
  8124 | D:9      | Found a basalt altar of Yredelemnul.
  8234 | D:9      | Killed Maurice
  8317 | D:9      | Found a staircase to the Orcish Mines.
  8345 | D:9      | Reached skill level 8 in Maces & Flails
  8366 | D:9      | Reached XP level 11. HP: 56/80 MP: 13/13
  9282 | D:10     | Entered Level 10 of the Dungeon
  9351 | D:10     | Reached skill level 9 in Maces & Flails
  9643 | D:10     | Got an iridescent scimitar
  9644 | D:10     | Identified the +8 scimitar of Toudgh {flame, rC+ rN++
                  | Dex-5} (You found it on level 10 of the Dungeon)
  9650 | D:10     | Found a staircase to the Lair.
  9691 | D:10     | Noticed Fannar
  9736 | D:10     | Killed Fannar
 10173 | D:10     | Noticed a centaur warrior
 10288 | D:10     | Killed a centaur warrior
 11167 | D:11     | Noticed a white ugly thing
 11219 | Lair:1   | Entered Level 1 of the Lair of Beasts
 11615 | Lair:1   | Reached XP level 12. HP: 56/91 MP: 14/14
 11666 | Lair:1   | Found a burning altar of Makhleb.
 11785 | Lair:1   | Learned a level 2 spell: Blink
 12018 | Lair:1   | Reached skill level 1 in Spellcasting
 12776 | Lair:2   | Slain by a spiny frog

Skill      XL: |  1  2  3  4  5  6  7  8  9 10 11 12 |
---------------+-------------------------------------+-----
Short Blades   | 2 3 4 5 |  5.1
Armour         | 1 2 3 4 5 |  5.8
Fighting       | 2 3 4 5 7 |  7.1
Dodging        | 3 4 5 6 7 8 |  8.4
Stealth        | 2 3 5 6 7 8 |  8.6
Maces & Flails | 2 6 8 9 |  9.9
Spellcasting   | 2 |  2.8
Evocations     | |  3.9

Action                   |  1- 3 |  4- 6 |  7- 9 | 10-12 || total
-------------------------+-------+-------+-------+-------++-------
Melee: Short sword       |   144 |   195 |       |       ||   339
       Dagger            |       |    54 |    83 |       ||   137
       Whip              |       |       |   238 |   531 ||   769
Evoke: Wand              |     1 |     7 |     3 |     2 ||    13
  Use: Scroll            |       |    10 |     1 |    11 ||    22
       Potion            |       |       |       |     3 ||     3
 Stab: Sleeping          |       |     3 |    17 |    11 ||    31
       Paralysed         |       |     4 |     3 |       ||     7
       Distracted        |       |       |       |     2 ||     2
  Eat: Chunk             |       |     7 |       |       ||     7
       Ration            |       |     1 |     3 |     6 ||    10
Armor: Leather armour    |    67 |    59 |    63 |    82 ||   271
Dodge: Dodged            |   135 |   149 |   181 |   247 ||   712
